 Dungeon Crawl Stone Soup version 0.31-a0-868-g674d60d6f7 (webtiles) character file.

Game seed: 14592127936204172226

9 IdlyInterested the Caller (level 2, -1/21 HPs)
             Began as a Demonspawn Wanderer on Oct 11, 2023.
             Slain by a hobgoblin (2 damage)
             ... on level 1 of the Dungeon.
             The game lasted 00:01:21 (185 turns).

IdlyInterested the Caller (Demonspawn Wanderer)      Turns: 185, Time: 00:01:22

Health: -1/21      AC:  3    Str:  8    XL:     2   Next: 3%
Magic:  5/5        EV: 11    Int: 12    God:
Gold:   16         SH:  0    Dex: 17    Spells: 4/5 levels left

rFire   . . .        a - +0 quarterstaff
rCold   . . .        (shield currently unavailable)
rNeg    . . .        d - +0 robe
rPois   .            (helmet restricted)
rElec   .            (no cloak)
rCorr   .            (no gloves)
SInv    .            b - +0 pair of boots
Will    .....        (no amulet)
Stlth   ++           (no ring)
HPRegen 0.23/turn    (no ring)
MPRegen 0.09/turn

%: no passive effects
@: no status effects
A: antennae 1
a: no special abilities


You were on level 1 of the Dungeon.
You visited 1 branch of the dungeon, and saw 1 of its levels.

You collected 16 gold pieces.

Inventory:

Hand Weapons
 a - a +0 quarterstaff (weapon)
 f - a +0 dagger
Armour
 b - a +0 pair of boots (worn)
 d - a +0 robe (worn)
Potions
 c - a potion of heal wounds
 e - a potion of brilliance {unknown}


   Skills:
 + Level 1.0 Fighting
 - Level 1.7 Staves
 - Level 1.0 Throwing
 - Level 2.0 Stealth
 - Level 2.0 Spellcasting
 - Level 3.0 Summonings
 - Level 1.0 Evocations


You had 4 spell levels left.
You knew the following spells:

 Your Spells              Type           Power      Damage    Failure   Level
a - Summon Small Mammal   Summ           32%        N/A       8%          1

Your spell library contained the following spells:

 Spells                   Type           Power      Damage    Failure   Level
 Call Imp                 Summ           16%        N/A       12%         2
 Animate Armour           Summ/Erth      8%         N/A       82%         4


Dungeon Overview and Level Annotations

Branches:
Dungeon (1/15)

Altars:


Innate Abilities, Weirdness & Mutations

You have a pair of small antennae on your head.


Message History

The kobold hits you with a +0 dagger.
You hit the kobold but do no damage.
The kobold is moderately wounded.
The rat barely misses you. The kobold hits you but does no damage.
The rat bites you but does no damage. The kobold hits you with a +0 dagger.
You barely miss the kobold.
The kobold is moderately wounded.
The kobold closely misses you. The rat bites you.
You hit the kobold.
The kobold is heavily wounded.
The rat closely misses you. The kobold misses you.
You miss the kobold.
The kobold is heavily wounded.
The kobold hits you but does no damage. The rat bites you.
You hit the kobold but do no damage.
The kobold is heavily wounded.
The rat misses you. The kobold hits you with a +0 dagger.
You barely miss the kobold.
The kobold is heavily wounded.
The hobgoblin closely misses you. The rat bites you.
The kobold hits you but does no damage. The kobold misses you.
The hobgoblin misses you. The rat bites you but does no damage.
You hit the kobold.
You kill the kobold!
The rat bites you. The hobgoblin hits you.
* * * LOW HITPOINT WARNING * * *
Training target 1.0 for Evocations reached!
Your Evocations skill increases to level 1!
You have reached level 2!
Your demonic ancestry asserts itself...
A pair of antennae grows on your head!
You sock the rat!
You kill the rat!
The hobgoblin hits you.
* * * LOW HITPOINT WARNING * * *
Your Fighting skill increases to level 1!
You barely miss the hobgoblin.
The hobgoblin hits you but does no damage.
You completely miss the hobgoblin. The hobgoblin hits you.
You die...

...#####......####.#.#
#####.........#....#..#
#............#.#....
#............#.######
#............#.# .
##........#...#.
#........#...#.
.....'...#..
.....#.@.#.. ######g†)#
#...# ..... ......#
....#### ..... ......


You could see a hobgoblin.

Vanquished Creatures
  An endoplasm (D:1)
  2 giant cockroaches (D:1)
  A frilled lizard (D:1)
  2 kobolds (D:1)
  A rat (D:1)
7 creatures vanquished.

Vanquished Creatures (collateral kills)
  A goblin (D:1)
1 creature vanquished.

Grand Total: 8 creatures vanquished

Notes
Turn   | Place    | Note
-------+----------+-------------------------------------------
     0 | D:1      | IdlyInterested the Demonspawn Wanderer began the quest for
                  | the Orb.
     0 | D:1      | IdlyInterested set off with the following items: a +0
                  | quarterstaff, a +0 pair of boots, a potion of heal wounds,
                  | a +0 robe; and the following spell memorised: Summon Small
                  | Mammal; and the following spells available to memorise:
                  | Call Imp, Animate Armour.
     0 | D:1      | Reached XP level 1. HP: 13/13 MP: 3/3
   183 | D:1      | Reached skill level 1 in Evocations
   183 | D:1      | Gained mutation: You have a pair of small antennae on your
                  | head. [demonic ancestry]
   183 | D:1      | Reached XP level 2. HP: 4/20 MP: 5/5
   183 | D:1      | HP: 1/20 [hobgoblin (4)]
   184 | D:1      | Reached skill level 1 in Fighting
   185 | D:1      | Slain by a hobgoblin

Illustrated notes

Levels and vault maps discovered:
D:1:      elethiomel_arrival_fortress_basement, layout_basic,
          serial_co_window_serial, co_window_corner_a, co_window_corner_a,
          co_window_paths_a, co_window_paths_a, co_window_paths_a,
          co_window_cross_1, co_window_of_opportunity_c,
          co_window_unsneaky_path_c, co_window_cross_4, co_window_4corner_a,
          glass_columns_b

Skill      XL: |  1  2 |
---------------+-------+-----
Stealth        | 2 |  2.0
Evocations     | 1 |  1.0
Fighting       | 1 |  1.0
Staves         | |  1.7
Throwing       | |  1.0
Spellcasting   | |  2.0
Summonings     | |  3.0

Action                     || total
---------------------------++-------
  Melee: Quarterstaff      ||    27
   Cast: Summon Small Mamm ||     3
 Armour: Robe              ||    24
  Dodge: Dodged            ||    17

Table legend: (Time is in decaauts)
 A = Elapsed time spent in this place.
 B = Non-inter-level travel time spent in this place.
 C = Inter-level travel time spent in this place.
 D = Time resting spent in this place.
 E = Time spent auto-exploring this place.
 F = Levels seen in this place.
 G = Mean time per level.
                   A        B        C        D        E       F      G
               +--------+--------+--------+--------+--------+-----+--------+
         Total |    190 |    190 |      0 |      0 |    106 |   1 |  190.0 |
       Dungeon |    190 |    190 |      0 |      0 |    106 |   1 |  190.0 |
               +--------+--------+--------+--------+--------+-----+--------+

Top non-repeatable levels by time:
     D:1: 190 daAuts
